 Dungeon Crawl Stone Soup version 0.14-a0-2071-g7172c92 (webtiles) character file.

1907 RedPan the Conjurer (level 8, -1/41 HPs)
             Began as a Deep Elf Wizard on Jan 23, 2014.
             Was a Believer of Vehumet.
             Slain by a wight
             ... wielding a cursed +1,+1 war axe of freezing
              (9 damage)
             ... on Level 6 of the Dungeon.
             The game lasted 00:32:31 (5884 turns).

RedPan the Conjurer (Deep Elf Wizard)               Turns: 5884, Time: 00:32:31

HP  -1/41        AC  5     Str  6      XL: 8   Next: 63%
MP  16/23        EV 12     Int 24      God: Vehumet [**....]
Gold 301         SH  0     Dex 13      Spells:  4 memorised,  7 levels left

rFire  . . .     SeeInvis +     E - +4 quarterstaff (chaos)
rCold  . . .     Clarity  .     a - +0 elf robe
rNeg   . . .     Conserve .     (no shield)
rPois  .         rCorr    .     b - +0 elf hat (curse)
rElec  .         rRot     .     F - +1 dwarf cloak
SustAb . .       Spirit   .     (no gloves)
rMut   .         Warding  .     j - +0 pair of boots
Saprov . . .     Stasis   .     (no amulet)
MR     +....                    m - ring of protection from magic
                                u - ring of see invisible

@: drained, somewhat resistant to hostile enchantments, fairly stealthy
A: no striking features
a: Renounce Religion


You were on level 6 of the Dungeon.
You worshipped Vehumet.
Vehumet was pleased with you.
You were not hungry.

You visited 1 branch of the dungeon, and saw 6 of its levels.

You collected 301 gold pieces.

Inventory:

Hand weapons
 E - a +4,+4 quarterstaff of chaos (weapon)
Armour
 a - a +0 elven robe (worn)
 b - a cursed +0 elven hat (worn)
 j - a +0 pair of boots (worn)
 F - a +1 dwarven cloak (worn)
Magical devices
 q - a wand of frost (4)
 t - a wand of cold (2) {unknown}
 B - a wand of paralysis (9)
Comestibles
 d - 2 bread rations
 f - an apple
 o - 7 grapes
 w - a choko
 A - 2 meat rations
 I - a rotting chunk of ogre flesh
Scrolls
 e - 2 scrolls of random uselessness
 h - a scroll of teleportation
 i - 2 scrolls of noise
 k - a scroll of fog {unknown}
 p - 4 scrolls of remove curse {unknown}
 s - 2 scrolls of magic mapping
 v - a scroll of immolation {unknown}
 x - a scroll of curse jewellery {unknown}
 z - a scroll of curse weapon {unknown}
 C - a scroll of fear {unknown}
 D - a scroll of recharging {unknown}
 G - a scroll of blinking {unknown}
Jewellery
 g - a +2 ring of protection
 m - a ring of protection from magic (right hand)
 u - a ring of see invisible (left hand)
 y - an uncursed ring of ice
Potions
 l - a potion of confusion {unknown}
 n - 2 potions of heal wounds {unknown}
 H - a potion of magic {unknown}
Books
 c - a book of Minor Magic

   Spells                             Type                      Level
   *Magic Dart                        Conjuration                  1
   *Blink                             Translocation                2
   *Call Imp                          Summoning                    2
   Repel Missiles                     Charms/Air                   2
   Slow                               Hexes                        2
   Conjure Flame                      Conjuration/Fire             3
   *Mephitic Cloud                    Conjuration/Poison/Air       3
 r - a book of Envenomations

   Spells                             Type                      Level
   Spider Form                        Transmutation/Poison         3
   Poison Weapon                      Charms/Poison                3
   Summon Scorpions                   Summoning/Poison             4
   Olgreb's Toxic Radiance            Poison                       4
   Poisonous Cloud                    Conjuration/Poison/Air       6


   Skills:
 - Level 2.4(2.1) Dodging
 - Level 2.4(2.1) Stealth
 - Level 4.4(4.1) Spellcasting
 + Level 11.7(11.3) Conjurations
 - Level 1.1(0.8) Summonings
 - Level 1.1(0.8) Translocations


You had 7 spell levels left.
You knew the following spells:

 Your Spells              Type           Power        Failure   Level  Hunger
a - Magic Dart            Conj           ####         1%          1    None
b - Blink                 Tloc           N/A          12%         2    None
c - Call Imp              Summ           #.........   12%         2    None
d - Mephitic Cloud        Conj/Pois/Air  ###.....     10%         3    ###....


Dungeon Overview and Level Annotations

Branches:
Dungeon (6/16)
 Temple: D:4-7

Altars:
Okawaru
Vehumet
Zin

Shops:
D:5 *

Annotations:
D:6 Sigmund


Message History

Casting: Magic Dart
Confirm with . or Enter, or press ? or * to list all spells.
Aiming: Magic Dart
Press: ? - help, Shift-Dir - straight line, f/p - ogre zombie
Aim: an ogre zombie The magic dart hits the ogre zombie.
The wight closely misses you.
The wight hits you with an orcish morningstar.
You smell something rotten. (slot I)
The wight misses you. The wight barely misses you.
There is a stone staircase leading up here.
The wight hits you with an orcish morningstar!
The wight hits you but does no damage.
The wight hits you with an uncursed war axe.
* * * LOW HITPOINT WARNING * * *
You feel drained.
* * * LOW HITPOINT WARNING * * *
There is a stone staircase leading up, spattered with blood here.
The wight hits you with a glowing war axe!
You die...

...(.............................
.................................
.................)...............
.................................
................................#
.................................
.................................
..............Zz.................
...............z@.....#..........
.......>........z...............#
........#..........#.<.......####
.......#...........#.........#
.......................).#...##
..........(..............##...##
...........#...####....####....#
....##.........# ###### #....#
....##.........# ##...#


You could see 3 wights and an ogre zombie.

Vanquished Creatures
  Pikel (D:6)
  Menkaure (D:6)
  4 slaves (D:5)
  5 ogres
  A giant frog (D:4)
  A goliath beetle (D:5)
  A crimson imp (D:6)
  An orc priest (D:6)
  2 hounds
  Crazy Yiuf (D:4)
  4 jellies
  A worker ant (D:5)
  A scorpion (D:6)
  An ogre skeleton (D:6)
  4 adders
  A giant mite (D:5)
  An inept feature mimic (D:4)
  A worm (D:5)
  2 adder skeletons
  4 giant geckos
  3 oozes
  13 orcs
  A ball python (D:3)
  3 giant cockroaches
  12 goblins
  15 hobgoblins
  7 jackals (D:5)
  4 quokkas
  14 bats
  2 giant newts
  8 kobolds
  11 rats
  A fungus (D:4)
132 creatures vanquished.

Notes
Turn   | Place    | Note
--------------------------------------------------------------
     0 | D:1      | RedPan, the Deep Elf Wizard, began the quest for the Orb.
     0 | D:1      | Reached XP level 1. HP: 10/10 MP: 6/6
   225 | D:1      | Reached XP level 2. HP: 10/15 MP: 9/9
   229 | D:1      | Learned a level 2 spell: Blink
   232 | D:1      | Learned a level 2 spell: Call Imp
   824 | D:2      | Found a radiant altar of Vehumet.
   925 | D:2      | Became a worshipper of Vehumet
   930 | D:2      | Reached XP level 3. HP: 19/19 MP: 10/12
  1013 | D:2      | Learned a level 3 spell: Mephitic Cloud
  1239 | D:2      | Found a glowing silver altar of Zin.
  1449 | D:3      | Reached XP level 4. HP: 24/24 MP: 6/15
  1999 | D:3      | Acquired Vehumet's first power
  1999 | D:3      | Offered knowledge of Sting by Vehumet.
  2026 | D:3      | Reached skill level 5 in Conjurations
  2160 | D:3      | Found an iron altar of Okawaru.
  2581 | D:4      | Noticed an ogre
  2581 | D:4      | Noticed an ogre
  2632 | D:4      | Reached XP level 5. HP: 28/28 MP: 15/18
  2656 | D:4      | Killed an ogre
  2656 | D:4      | Reached skill level 6 in Conjurations
  2920 | D:4      | Killed an ogre
  2920 | D:4      | Reached skill level 7 in Conjurations
  2920 | D:4      | Reached XP level 6. HP: 32/32 MP: 5/20
  3022 | D:4      | Noticed a giant frog
  3028 | D:4      | Killed a giant frog
  3236 | D:4      | Noticed Crazy Yiuf
  3258 | D:4      | Killed Crazy Yiuf
  3381 | D:5      | Entered Level 5 of the Dungeon
  3488 | D:5      | Found Lidun's Assorted Antiques.
  3544 | D:5      | Reached skill level 8 in Conjurations
  3709 | D:5      | Offered knowledge of Freeze by Vehumet.
  3709 | D:5      | Reached XP level 7. HP: 36/36 MP: 18/21
  4103 | D:6      | Noticed Pikel
  4293 | D:6      | Reached skill level 9 in Conjurations
  4811 | D:6      | Noticed Menkaure
  4865 | D:6      | Killed Pikel
  4865 | D:6      | Reached skill level 10 in Conjurations
  4865 | D:6      | Reached XP level 8. HP: 41/41 MP: 5/23
  5278 | D:6      | Noticed Sigmund
  5304 | D:6      | Reached skill level 11 in Conjurations
  5771 | D:6      | Killed Menkaure
  5884 | D:6      | Slain by a wight

Action                   |  1- 3 |  4- 6 |  7- 9 || total
-------------------------+-------+-------+-------++-------
Melee: Unarmed           |    16 |       |       ||    16
       Dagger            |     3 |    33 |       ||    36
       Quarterstaff      |       |     2 |     5 ||     7
 Cast: Magic Dart        |    72 |   130 |   213 ||   415
       Mephitic Cloud    |       |     5 |    15 ||    20
       Blink             |       |     1 |     8 ||     9
Evoke: Wand              |       |     2 |     8 ||    10
  Use: Scroll            |     1 |     2 |     5 ||     8
       Potion            |       |     7 |       ||     7
 Stab: Sleeping          |     1 |       |       ||     1
